 Dungeon Sprint DCSS version 0.29-a0-563-g64e4043184 (webtiles) character file.

Game seed: 5481216862330717319

875 mhtbhm the Martial Artist (level 8, -3/64 HPs)
             Began as an Octopode Transmuter on June 11, 2022.
             Was an Initiate of Gozag.
             Slain by a meliai
             ... wielding a +0 hand axe
              (14 damage)
             ... in the Dungeon (Sprint IX: "|||||||||||||||||||||||||||||").
             The game lasted 00:01:20 (516 turns).

mhtbhm the Martial Artist (Octopode Transmuter)      Turns: 516, Time: 00:01:21

Health: -3/64      AC:  7    Str: 15    XL:     8   Next: 4%
Magic:  11/18      EV: 12    Int: 15    God:    Gozag
Gold:   468        SH:  0    Dex: 15    Spells: 10/20 levels left

rFire   x . .      SeeInvis .     - Unarmed
rCold   + + +      Faith    .   (shield currently unavailable)
rNeg    . . .      Spirit   .   (helmet currently unavailable)
rPois   +          Reflect  .   (no amulet)
rElec   .          Harm     .   j - +3 ring of dexterity
rCorr   .          Rampage  .   k - +3 ring of strength
Will    .....      NoTele   +   (no ring)
Stlth   +.........              (no ring)
HPRegen 0.20/turn               (no ring)
MPRegen 0.16/turn               (no ring)
                                (no ring)
                                (no ring)

@: ice-form, wereblooded, gold aura
A: freezing attack, boosted hp, almost no armour, amphibious, 8 rings, large,
(camouflage 1), (gelatinous body 1), (nimble swimmer 1), (tentacles)
a: End Transformation, Renounce Religion, Potion Petition, Call Merchant, Bribe
Branch


You were in the Dungeon.
You worshipped Gozag.
Gozag was aware of your devotion.
You were a creature of crystalline ice.
You visited 1 branch You collected 468 gold pieces.

Inventory:

Jewellery
 j - a +3 ring of dexterity (left front paw)
 k - a +3 ring of strength (right front paw)
Wands
 i - a wand of iceblast (10)
Scrolls
 g - 2 scrolls of blinking
 h - 2 scrolls of amnesia
Potions
 a - a potion of invisibility
 b - 4 potions of curing
 d - a potion of haste
 e - 4 potions of magic


   Skills:
 + Level 3.6 Fighting
 + Level 6.4 Dodging
 + Level 12.1 Unarmed Combat
 + Level 6.8 Spellcasting
 + Level 7.2 Transmutations
 + Level 1.1 Ice Magic


You had 10 spell levels left.
You knew the following spells:

 Your Spells              Type           Power      Damage    Failure   Level
a - Beastly Appendage     Tmut           52%        N/A       1%          1
b - Wereblood             Tmut           26%        N/A       1%          2
c - Spider Form           Tmut/Pois      16%        N/A       9%          3
d - Ice Form              Ice/Tmut       17%        N/A       24%         4

Your spell library contained the following spells:

 Spells                   Type           Power      Damage    Failure   Level


Dungeon Overview and Level Annotations

Branches:
Dungeon (1/1)

Altars:
Cheibriados
Dithmenos
Elyvilon
Fedhas
Gozag
Hepliaklqana
Kikubaaqudgha
Makhleb
Nemelex Xobeh
Okawaru
Qazlal
Ru
Sif Muna
Trog
Uskayaw
Vehumet
Wu Jian
Xom
Yredelemnul
Zin
The Shining One
Beogh
Jiyva
Lugonu


Innate Abilities, Weirdness & Mutations

You are a creature of crystalline ice.
You have a powerful freezing melee attack.
Your maximum health is increased.
Your armour is entirely melded.
You are incapable of wielding weapons or throwing items.
You cannot wear most types of armour.
You are amphibious.
You can wear up to eight rings at the same time.
((Your skin changes colour to match your surroundings (Stealth+).))
((Your rubbery body absorbs attacks. (AC +1, EV +1)))
((You are camouflaged when in or above water. (Stealth+)))
((You have tentacles for arms and can constrict up to eight enemies at once.))


Message History

Okay, then.
Okay, then.
Casting: Ice Form (quite dangerous; 26% risk of failure)
Confirm with . or Enter, or press ? or * to list all spells.
The spell is quite dangerous to miscast (26% risk of failure)!
Continue anyway?
You turn into a creature of crystalline ice.
Unknown command.
Casting: Ice Form (quite dangerous; 26% risk of failure)
Confirm with . or Enter, or press ? or * to list all spells.
Your blood is infused with primal strength.
You open the door.
A basilisk, a meliai, a slime creature, a centaur, a cyclops and a tengu conjurer come into view.
The basilisk hisses angrily.
The centaur shouts!
The tengu conjurer shouts!
Unknown command.
You pummel the basilisk!!
The basilisk seems to slow down.
You freeze the basilisk.
The basilisk is heavily wounded.
The basilisk bites you!
The tengu conjurer mumbles some strange words.
Nothing appears to happen.
You pummel the basilisk!!
The basilisk seems to slow down.
You freeze the basilisk.
You feel a bit better.
You kill the basilisk!
The meliai invokes the aid of its god against you.
Something smites you!
Your Unarmed Combat skill increases to level 12!
You have reached level 8!
You hit the meliai. You freeze the meliai.
The meliai is lightly wounded.
The meliai invokes the aid of its god against you.
Something smites you!
You punch the meliai! You freeze the meliai.
The meliai is severely wounded.
The meliai hits you with a +0 hand axe!
* * * LOW HITPOINT WARNING * * *
The meliai stings you.
* * * LOW HITPOINT WARNING * * *
The meliai hits you with a +0 hand axe!
You die...
Your body crumbles into a pile of gold.

$
▓.▓
$
▓.▓
$
▓)▓
▓.▓
$ $
▓.▓
$
▓.▓
$ $
▓.▓
$
▓)▓
$
▓Y▓
▓y▓
▓J▓
▓c▓
▓.▓
▓C▓
▓Q▓
▓.▓


You could see a slime creature, a cyclops, a tengu conjurer, a meliai and a
centaur.

Vanquished Creatures
  A yak (D)
  A vampire (D)
  A wraith (D)
  A basilisk (D)
  An acid dragon (D)
  An orc warrior (D)
  A howler monkey (D)
  2 orc wizards (D)
  A gnoll (D)
  2 orcs (D)
  3 ball pythons (D)
  A kobold (D)
  A bat (D)
17 creatures vanquished.

Notes
Turn   | Place    | Note
-------+----------+-------------------------------------------
     0 | D        | mhtbhm the Octopode Transmuter began the quest for the Orb.
     0 | D        | Reached XP level 1. HP: 13/13 MP: 3/3
   130 | D        | Noticed an orc wizard
   130 | D        | Noticed a howler monkey
   136 | D        | Killed an orc wizard
   137 | D        | Reached skill level 5 in Unarmed Combat
   137 | D        | Reached XP level 2. HP: 18/18 MP: 3/6
   137 | D        | Reached XP level 3. HP: 23/23 MP: 3/7
   143 | D        | Reached skill level 6 in Unarmed Combat
   143 | D        | Reached XP level 4. HP: 28/28 MP: 4/9
   295 | D        | Found a snail-covered altar of Cheibriados.
   295 | D        | Found a shadowy altar of Dithmenos.
   295 | D        | Found a white marble altar of Elyvilon.
   295 | D        | Found a blossoming altar of Fedhas.
   295 | D        | Found an opulent altar of Gozag.
   296 | D        | Found a hazy altar of Hepliaklqana.
   297 | D        | Found a viscous altar of Jiyva.
   298 | D        | Found an ancient bone altar of Kikubaaqudgha.
   299 | D        | Found a corrupted altar of Lugonu.
   300 | D        | Found a burning altar of Makhleb.
   301 | D        | Found a sparkling altar of Nemelex Xobeh.
   302 | D        | Found an iron altar of Okawaru.
   303 | D        | Became a worshipper of Gozag Ym Sagoz the Greedy
   306 | D        | Found a stormy altar of Qazlal.
   307 | D        | Found a sacrificial altar of Ru.
   308 | D        | Found a shimmering blue altar of Sif Muna.
   309 | D        | Found a bloodstained altar of Trog.
   310 | D        | Found a hide-covered altar of Uskayaw.
   311 | D        | Found a radiant altar of Vehumet.
   312 | D        | Found an ornate altar of the Wu Jian Council.
   313 | D        | Found a shimmering altar of Xom.
   314 | D        | Found a basalt altar of Yredelemnul.
   315 | D        | Found a glowing silver altar of Zin.
   316 | D        | Found a glowing golden altar of the Shining One.
   345 | D        | Learned a level 2 spell: Wereblood
   349 | D        | Learned a level 3 spell: Spider Form
   354 | D        | Learned a level 4 spell: Ice Form
   393 | D        | Noticed an orc warrior
   393 | D        | Noticed an acid dragon
   393 | D        | Noticed a yak
   393 | D        | Noticed a vampire
   393 | D        | Noticed a wraith
   399 | D        | Killed an orc warrior
   400 | D        | Reached skill level 8 in Unarmed Combat
   400 | D        | Reached XP level 5. HP: 22/34 MP: 3/11
   403 | D        | Killed an acid dragon
   404 | D        | Reached skill level 5 in Dodging
   404 | D        | Reached skill level 9 in Unarmed Combat
   404 | D        | Reached skill level 5 in Spellcasting
   404 | D        | Reached skill level 5 in Transmutations
   404 | D        | Reached XP level 6. HP: 22/39 MP: 4/14
   406 | D        | Killed a yak
   407 | D        | Reached skill level 10 in Unarmed Combat
   407 | D        | Reached XP level 7. HP: 28/45 MP: 4/15
   410 | D        | Killed a vampire
   411 | D        | Reached skill level 11 in Unarmed Combat
   416 | D        | Killed a wraith
   417 | D        | Reached skill level 1 in Ice Magic
   512 | D        | Noticed a basilisk
   512 | D        | Noticed a meliai
   512 | D        | Noticed a slime creature
   512 | D        | Noticed a cyclops
   512 | D        | Noticed a tengu conjurer
   514 | D        | Killed a basilisk
   515 | D        | Reached skill level 12 in Unarmed Combat
   515 | D        | Reached XP level 8. HP: 37/54 MP: 11/18
   516 | D        | Slain by a meliai

Illustrated notes

Levels and vault maps discovered:
D:        linesprint [early_d, line_temple, items_1, d_10, items_2, lair_1,
          lair_end, items_3, orc_1, orc_end, items_4, d_15, swamp_1, shoals_1,
          snake_1, spider_1, d_20, vaults_1, items_5, swamp_end, shoals_end,
          snake_end, spider_end, vaults_end, d_27, items_6, zot_1, zot_end,
          crypt_end, forest_end, elf_end, slime_end, tomb_end, abyss_end,
          pan_hell_end]

Skill      XL: |  1  2  3  4  5  6  7 |
---------------+----------------------+-----
Dodging        | 3 4 5 6 |  6.4
Unarmed Combat | 5 6 8 9 10 12 | 12.1
Spellcasting   | 3 4 5 6 |  6.8
Transmutations | 3 4 5 6 7 |  7.2
Fighting       | 2 3 |  3.6
Ice Magic      | 1 |  1.1

Action                   |  1- 3 |  4- 6 |  7- 9 || total
-------------------------+-------+-------+-------++-------
Melee: Unarmed           |    23 |    15 |    16 ||    54
       Constrict         |     3 |       |       ||     3
       Tentacles         |     2 |       |       ||     2
       Kick              |     1 |       |       ||     1
       Punch             |     1 |       |       ||     1
 Cast: Beastly Appendage |     2 |       |       ||     2
       Ice Form          |       |     1 |     1 ||     2
       Wereblood         |       |     1 |     1 ||     2
  Use: Potion            |     2 |     2 |     2 ||     6
Armor: Skin              |    12 |     3 |     6 ||    21
Dodge: Dodged            |    13 |     3 |     3 ||    19

Table legend: (Time is in decaauts)
 A = Elapsed time spent in this place.
 B = Non-inter-level travel time spent in this place.
 C = Inter-level travel time spent in this place.
 D = Time resting spent in this place.
 E = Time spent auto-exploring this place.
 F = Levels seen in this place.
 G = Mean time per level.
                   A        B        C        D        E       F      G
               +--------+--------+--------+--------+--------+-----+--------+
         Total |    522 |    522 |      0 |    341 |      3 |   1 |  522.0 |
       Dungeon |    522 |    522 |      0 |    341 |      3 |   1 |  522.0 |
               +--------+--------+--------+--------+--------+-----+--------+

Top non-repeatable levels by time:
       D: 522 daAuts
